[Event "December 19 Late 2023"]
[Site "https://www.chess.com"]
[Date "2023.12.19"]
[Round "3"]
[White "Bold, Andre"]
[Black "Beerdsen, Thomas"]
[Result "0-1"]
[Board "29"]
[TimeControl "180+1"]
[WhiteFideId "16208471"]
[BlackFideId "1030108"]
[WhiteElo "2110"]
[BlackElo "2550"]
[WhiteTeam "GER"]
[BlackTeam "NED"]
[WhiteClock "0:00:19"]
[BlackClock "0:01:12"]

1. Nf3 d5 2. g3 g6 3. Bg2 Bg7 4. O-O Nf6 5. c4 c6 6. cxd5 cxd5 7. d4 O-O 8. Ne5 Ne4 9. Nc3 Nxc3 10. bxc3 Nd7 11. Nxd7 Qxd7 12. Qb3 e6 13. Ba3 Rd8 14. e3 b6 15. Rfc1 Ba6 16. Bf1 Bxf1 17. Kxf1 Rac8 18. Kg1 Rc4 19. Bb2 Rdc8 20. a4 h5 21. h4 e5 22. Re1 Qg4 23. Qd1 Qf5 24. a5 b5 25. a6 R8c6 26. Ra5 Rf6 27. Qe2 Rb6 28. e4 dxe4 29. Qxe4 Qxe4 30. Rxe4 exd4 31. cxd4 Rc2 32. Re8+ Kh7 33. Ba1 Rf6 34. f4 Re6 35. Rxe6 fxe6 36. Kf1 b4 37. Rc5 Rxc5 38. dxc5 Bxa1 39. c6 b3 40. c7 b2 41. c8=Q b1=Q+ 42. Kg2 Qe4+ 43. Kh3 Qh1# 0-1

[Event "December 19 Late 2023"]
[Site "https://www.chess.com"]
[Date "2023.12.19"]
[Round "3"]
[White "Durarbayli, Vasif"]
[Black "Kozin, Yuri"]
[Result "1-0"]
[Board "30"]
[TimeControl "180+1"]
[WhiteFideId "13402935"]
[BlackFideId "4129920"]
[WhiteElo "2551"]
[BlackElo "2559"]
[WhiteTeam "AZE"]
[BlackTeam "RUS"]
[WhiteClock "0:00:07"]
[BlackClock "0:00:00"]

1. c4 c6 2. e4 d5 3. exd5 cxd5 4. d4 Nf6 5. Nc3 e6 6. Nf3 Bb4 7. cxd5 Nxd5 8. Bd2 Bd7 9. Nxd5 Bxd2+ 10. Qxd2 exd5 11. Bd3 O-O 12. O-O Nc6 13. h3 Qf6 14. Qc3 Bf5 15. Bxf5 Qxf5 16. Qb3 b6 17. Rac1 Rac8 18. Qb5 Qf6 19. Qxd5 Rfd8 20. Qe4 Re8 21. Qg4 h5 22. Qxh5 Nxd4 23. Rxc8 Rxc8 24. Ng5 Qf5 25. Rd1 Ne6 26. h4 Nxg5 27. hxg5 Qc2 28. Qg4 Re8 29. Qd4 Qc7 30. g3 Qe7 31. Qf4 Qe6 32. b3 a5 33. Kg2 Qe2 34. Rd2 Qe6 35. Qf3 Qe5 36. Rd5 Qe6 37. Rb5 Rc8 38. Qf5 Qc6+ 39. Qd5 Qxd5+ 40. Rxd5 Rc2 41. a4 Rc6 42. Rb5 g6 43. Kf3 Kg7 44. Ke4 f6 45. Kd5 Rc2 46. gxf6+ 1-0

[Event "December 19 Late 2023"]
[Site "https://www.chess.com"]
[Date "2023.12.19"]
[Round "3"]
[White "Salinas Herrera, Pablo"]
[Black "Colbow, Collin"]
[Result "1/2-1/2"]
[Board "31"]
[TimeControl "180+1"]
[WhiteFideId "3407128"]
[BlackFideId "16201132"]
[WhiteElo "2538"]
[BlackElo "2321"]
[WhiteTeam "CHI"]
[BlackTeam "GER"]
[WhiteClock "0:00:12"]
[BlackClock "0:00:08"]

1. d4 Nf6 2. Nf3 g6 3. Nbd2 d5 4. e3 Bg7 5. b4 O-O 6. c4 b6 7. Bb2 Nbd7 8. Rc1 dxc4 9. Bxc4 Bb7 10. O-O a6 11. a3 e6 12. Qe2 c5 13. bxc5 bxc5 14. Rfd1 Qe7 15. dxc5 Nxc5 16. Bd4 Rfc8 17. h3 Nfe4 18. Bxg7 Kxg7 19. Nxe4 Bxe4 20. Nd4 e5 21. Nf3 Na4 22. Nd2 Bc6 23. Bxa6 Rc7 24. Bb5 Bxb5 25. Qxb5 Nc3 26. Rxc3 Rxc3 27. a4 Rd8 28. a5 Rcd3 29. Qb2 Qd6 30. a6 Qxa6 31. Qxe5+ Kg8 32. Ra1 Qd6 33. Qxd6 R3xd6 34. Ne4 Rd1+ 35. Rxd1 Rxd1+ 36. Kh2 Kg7 37. g4 Ra1 38. Kg3 Ra3 39. Nd6 Kf6 40. Kf3 Ke6 41. Ne4 Ra1 42. Ng5+ Ke7 43. Nxh7 f6 44. g5 fxg5 45. Nxg5 Kf6 46. Ne4+ Ke5 47. Nd2 Ra4 48. Kg3 Kf5 49. Nf3 Kf6 50. Nd4 Ra3 51. h4 Ra1 52. Nf3 Rh1 53. Kg2 Ra1 54. Kg3 Ra2 55. Nh2 Rb2 56. Ng4+ Kf5 57. f3 Rb1 58. e4+ Ke6 59. Kf4 Rb5 60. Ne3 Rh5 61. Kg4 Ra5 62. Nd5 Ra3 63. Nf4+ Kf6 64. Nh3 Ke6 65. Ng5+ Kf6 66. f4 Ra1 67. e5+ Kg7 68. Ne6+ Kf7 69. Ng5+ Kg7 70. Nf3 Ra2 71. h5 Rg2+ 72. Kh3 Rf2 73. Kg3 Rf1 74. hxg6 Kxg6 75. Nh4+ Kh5 76. Nf3 Kg6 77. Kg4 Rf2 78. f5+ Kf7 79. Kg3 Rf1 80. Kf4 Rf2 81. Ke4 Re2+ 82. Kd5 Rf2 83. Nd4 Ke7 84. Ke4 Kf7 85. Ne6 Rf1 86. Nf4 Re1+ 87. Kd4 Rf1 88. Ke3 Re1+ 89. Ne2 Rf1 90. Nd4 Re1+ 91. Kf4 Rf1+ 92. Ke4 Re1+ 93. Kd5 Re3 94. Nc6 Rd3+ 95. Ke4 Rd1 96. Nb4 Re1+ 97. Kd5 Rd1+ 98. Kc5 Rf1 99. f6 Rxf6 100. exf6 Kxf6 1/2-1/2

[Event "December 19 Late 2023"]
[Site "https://www.chess.com"]
[Date "2023.12.19"]
[Round "3"]
[White "Yeletsky, Ivan"]
[Black "O`Gorman, Tom"]
[Result "1-0"]
[Board "32"]
[TimeControl "180+1"]
[WhiteFideId "24180327"]
[BlackFideId "2508249"]
[WhiteElo "2379"]
[BlackElo "2288"]
[WhiteTeam "RUS"]
[BlackTeam "IRL"]
[WhiteClock "0:00:03"]
[BlackClock "0:00:15"]

1. g3 d5 2. Nf3 Nd7 3. Nc3 Ngf6 4. d4 Nb6 5. a4 a5 6. Bg2 Bf5 7. Nh4 Bd7 8. O-O h6 9. e4 dxe4 10. Nxe4 Nxe4 11. Bxe4 c6 12. Ng6 Rg8 13. Re1 Be6 14. Nf4 Bd5 15. Nxd5 Nxd5 16. Ra3 e6 17. Rb3 Qc7 18. Qf3 O-O-O 19. c3 Nf6 20. Bd3 Bd6 21. Kg2 Kb8 22. Ba6 b6 23. Kg1 Ka7 24. Bf1 Nd5 25. Bg2 g5 26. Bd2 g4 27. Qe4 Rc8 28. c4 Nf6 29. Qc2 h5 30. c5 bxc5 31. dxc5 Be7 32. Rb6 Nd7 33. Bxa5 Bxc5 34. Ra6+ Kxa6 35. Bxc7 Rxc7 36. b4 Bxb4 37. Qc4+ Ka5 38. Rb1 Rb8 39. Bf1 Nc5 40. Rxb4 Rxb4 41. Qxc5+ Kxa4 42. Bc4 Rb1+ 43. Kg2 Rb2 44. Qd6 Rc8 45. Qd7 Rbb8 46. Qd6 c5 47. Qd7+ Kb4 48. Bf1 c4 49. Qxf7 c3 50. Qe7+ Kb3 51. Qxe6+ Kb2 52. Bd3 c2 53. Qe2 Kb1 54. Qd1+ Kb2 55. Qd2 Kb1 56. h3 Rb3 57. hxg4 Rxd3 58. Qxd3 hxg4 59. Qb3+ Ka1 60. Qa4+ Kb1 61. Qb5+ Kc1 62. Qg5+ Kb2 63. Qf6+ Kb1 64. Qb6+ Kc1 65. Qb7 Rc3 66. Qb4 Kd2 67. Qd4+ Rd3 68. Qb2 Kd1 69. Qb5 Rd2 70. Qf1# 1-0

[Event "December 19 Late 2023"]
[Site "https://www.chess.com"]
[Date "2023.12.19"]
[Round "3"]
[White "Korchynskyi, Mykola"]
[Black "Livaic, Leon"]
[Result "1-0"]
[Board "33"]
[TimeControl "180+1"]
[WhiteFideId "34138005"]
[BlackFideId "14531534"]
[WhiteElo "2007"]
[BlackElo "2541"]
[WhiteTeam "UKR"]
[BlackTeam "CRO"]
[WhiteClock "0:00:10"]
[BlackClock "0:00:02"]

1. d4 Nf6 2. c4 g6 3. Nc3 Bg7 4. e4 d6 5. Be2 O-O 6. Be3 Nbd7 7. Nf3 e5 8. d5 Nc5 9. Nd2 a5 10. O-O Ne8 11. a3 f5 12. exf5 gxf5 13. f4 exf4 14. Bxf4 a4 15. Nf3 Nb3 16. Rb1 Bd7 17. Bd3 Nf6 18. h3 Qe8 19. Re1 Qh5 20. Ng5 Nc5 21. Qc2 Nfe4 22. Nf3 Rae8 23. Re2 Kh8 24. Rbe1 Rg8 25. Kh1 Bf6 26. Nd2 Nxd3 27. Qxd3 Nf2+ 28. Rxf2 Rxe1+ 29. Kh2 Re7 30. Ne2 Bh4 31. Bg3 Bxg3+ 32. Nxg3 Qh4 33. Ndf1 f4 34. Qd4+ Rgg7 35. Rxf4 Qg5 36. Rf8# 1-0

[Event "December 19 Late 2023"]
[Site "https://www.chess.com"]
[Date "2023.12.19"]
[Round "3"]
[White "Rogov, Matfey"]
[Black "Boruchovsky, Avital"]
[Result "1/2-1/2"]
[Board "34"]
[TimeControl "180+1"]
[WhiteFideId "44191308"]
[BlackFideId "2800055"]
[WhiteElo "2057"]
[BlackElo "2450"]
[WhiteTeam "RUS"]
[BlackTeam "ISR"]
[WhiteClock "0:00:04"]
[BlackClock "0:00:03"]

1. Nc3 e5 2. Nf3 Nc6 3. d4 exd4 4. Nxd4 Bb4 5. Nxc6 Bxc3+ 6. bxc3 dxc6 7. Qd4 Nf6 8. Ba3 Be6 9. e3 b6 10. Rd1 Qxd4 11. cxd4 Bxa2 12. Ba6 Kd7 13. c4 Bb3 14. Rc1 Rhb8 15. Rb1 Bc2 16. Rb2 Bg6 17. f3 Ne8 18. Kd2 Nd6 19. e4 f6 20. Rd1 Bf7 21. Kc3 b5 22. Bxd6 cxd6 23. cxb5 Rb6 24. Kd3 Kc7 25. d5 cxd5 26. exd5 Bxd5 27. Kd4 Bf7 28. Re1 Kd7 29. Rbe2 Re8 30. Rxe8 Bxe8 31. h4 Kd8 32. g4 Bxb5 33. Bxb5 Rxb5 34. Ra1 a5 35. f4 Rb4+ 36. Kd5 Rxf4 37. Rxa5 Rxg4 38. Kxd6 Ke8 39. Ke6 Re4+ 40. Kf5 Rxh4 41. Ra8+ Ke7 42. Ra7+ Kd6 43. Rxg7 Rh6 44. Rg2 Ke7 45. Ra2 Rh5+ 46. Kg4 Rg5+ 47. Kf4 Kf7 48. Rh2 Kg6 49. Rc2 h5 50. Rc8 Rg4+ 51. Kf3 Kg5 52. Rg8+ Kf5 53. Rh8 Rf4+ 54. Kg3 h4+ 55. Kh3 Ke4 56. Re8+ Kf3 57. Ra8 f5 58. Ra2 Re4 59. Ra3+ Kf4 60. Kxh4 Re8 61. Ra4+ Ke3 62. Kg3 f4+ 63. Rxf4 Rg8+ 64. Rg4 Rxg4+ 65. Kxg4 1/2-1/2

[Event "December 19 Late 2023"]
[Site "https://www.chess.com"]
[Date "2023.12.19"]
[Round "3"]
[White "Novak, Ratko"]
[Black "Khlebovich, Alexander"]
[Result "1/2-1/2"]
[Board "35"]
[TimeControl "180+1"]
[WhiteFideId "14511827"]
[BlackFideId "4169123"]
[WhiteElo "2036"]
[BlackElo "2334"]
[WhiteTeam "CRO"]
[BlackTeam "RUS"]
[WhiteClock "0:00:27"]
[BlackClock "0:00:10"]

1. d4 Nf6 2. c4 g6 3. Nc3 d5 4. f3 Bg7 5. e4 dxe4 6. fxe4 O-O 7. Be2 c5 8. d5 e6 9. Bg5 h6 10. Be3 exd5 11. exd5 Re8 12. Bxc5 Na6 13. Bd4 Bg4 14. Qd2 Rc8 15. b3 b5 16. Nf3 Bxf3 17. gxf3 bxc4 18. O-O Rxe2 19. Qxe2 Nxd5 20. Bxg7 Kxg7 21. Qe5+ Nf6 22. Ne4 Qb6+ 23. Kh1 Nc5 24. Qxf6+ Qxf6 25. Nxf6 Kxf6 26. bxc4 Nd3 27. Rad1 Ne5 28. Rd6+ Kf5 29. Ra6 Rc7 30. c5 g5 31. Kg2 Nd3 32. Rd1 Nxc5 33. Ra5 Ke6 34. Rc1 Kd6 35. a4 a6 36. Rcxc5 Rxc5 37. Rxa6+ Ke5 38. Rxh6 Ra5 39. Rh5 Kf4 40. Rh7 f6 41. h4 Rxa4 42. hxg5 Ra2+ 43. Kh3 Ra1 44. Kg2 Ra2+ 45. Kh3 Kxg5 46. Kg3 Ra1 47. Rg7+ Kf5 48. Rc7 Rg1+ 49. Kf2 Ra1 50. Kg3 Rg1+ 51. Kf2 Ra1 52. Rc5+ Kg6 53. Kg3 Ra4 54. f4 Rd4 55. Kg4 Ra4 56. Rc6 Rb4 57. Rc8 f5+ 58. Kf3 Rb3+ 59. Kf2 Kf6 60. Rc6+ Kf7 61. Rd6 Ke7 62. Ra6 Kf7 63. Rc6 Ke7 64. Ra6 Kf7 65. Rc6 Ke7 66. Ra6 1/2-1/2

[Event "December 19 Late 2023"]
[Site "https://www.chess.com"]
[Date "2023.12.19"]
[Round "3"]
[White "Troff, Kayden"]
[Black "Nunez V, Gustavo Eduardo"]
[Result "1-0"]
[Board "36"]
[TimeControl "180+1"]
[WhiteFideId "2047896"]
[BlackFideId "4403690"]
[WhiteElo "2544"]
[BlackElo "2167"]
[WhiteTeam "USA"]
[BlackTeam "COL"]
[WhiteClock "0:00:24"]
[BlackClock "0:00:31"]

1. d4 Nf6 2. Nf3 c5 3. dxc5 e6 4. Be3 Nc6 5. Nc3 Qa5 6. a3 Ne4 7. Qd3 f5 8. Nd2 Nxc5 9. Bxc5 Qxc5 10. e4 fxe4 11. Ndxe4 Qf5 12. Nb5 Kd8 13. O-O-O d5 14. c4 Ne5 15. Qe3 Bd7 16. cxd5 exd5 17. Rxd5 Rc8+ 18. Nbc3 b6 19. Bb5 Nc4 20. Qg5+ Qxg5+ 21. Nxg5 Nd6 22. Bxd7 Kxd7 23. Nf7 Rg8 24. Rhd1 Rc6 25. Ne5+ Kc7 26. Nxc6 Kxc6 27. Kb1 Be7 28. R5d3 g6 29. Nd5 Bf8 30. Nf6 Rg7 31. Rxd6+ Bxd6 32. Rxd6+ Kxd6 33. Ne8+ Ke5 34. Nxg7 Kd6 35. Ne8+ Ke7 36. Nc7 Kd6 37. Nb5+ Kc5 38. Nxa7 b5 39. b4+ Kb6 40. Nc8+ Kc7 41. Ne7 Kd6 42. Ng8 Ke6 43. Kc2 h5 44. Nh6 g5 45. g4 h4 46. Kd3 Ke5 47. Ke3 h3 48. Nf5 Kd5 49. Nd4 Kc4 50. Ke4 Kc3 51. Nxb5+ Kd2 52. f4 Ke1 53. fxg5 Kf2 54. g6 Kg1 55. g7 Kxh2 56. g8=Q Kg2 57. Qh7 h2 58. g5 h1=Q 59. Qxh1+ Kf2 60. g6 Ke2 61. g7 Kf2 62. g8=Q Ke2 63. Qgg2# 1-0

[Event "December 19 Late 2023"]
[Site "https://www.chess.com"]
[Date "2023.12.19"]
[Round "3"]
[White "Delorme, Axel"]
[Black "Bryakin, Mikhail"]
[Result "0-1"]
[Board "37"]
[TimeControl "180+1"]
[WhiteFideId "632023"]
[BlackFideId "4165314"]
[WhiteElo "2478"]
[BlackElo "2495"]
[WhiteTeam "FRA"]
[BlackTeam "SRB"]
[WhiteClock "0:00:01"]
[BlackClock "0:00:49"]

1. e4 d5 2. exd5 Qxd5 3. Nc3 Qe5+ 4. Qe2 Qxe2+ 5. Bxe2 Bf5 6. Nd5 Kd8 7. Ne3 Bg6 8. h4 h6 9. h5 Bh7 10. Nf3 Nd7 11. d4 Ngf6 12. Ne5 Ke8 13. b3 e6 14. Bb2 c6 15. O-O-O Be7 16. g4 Nd5 17. Nxd5 cxd5 18. Bb5 Rd8 19. Bxd7+ Rxd7 20. Nxd7 Kxd7 21. Kb1 Rc8 22. Rd2 Be4 23. Re1 Bg5 24. Rde2 Bf3 25. Bc1 Bxg4 26. f3 Bxh5 27. Bxg5 hxg5 28. Re5 Bg6 29. R1e2 Bf5 30. Kb2 f6 31. R5e3 Rh8 32. c4 dxc4 33. bxc4 g4 34. fxg4 Bxg4 35. Rg2 f5 36. d5 exd5 37. cxd5 Kd6 38. Re6+ Kxd5 39. Re7 g5 40. Rxb7 a6 41. Rb6 Rg8 42. Rxa6 Bf3 43. Rg1 g4 44. Ra5+ Ke4 45. Kc3 g3 46. Kd2 Rd8+ 47. Kc3 Rc8+ 48. Kd2 Rd8+ 49. Kc3 Kf4 50. Rxf5+ Kxf5 51. Rxg3 Kf4 52. Rg7 Ra8 53. Kb2 Bd5 54. a3 Ke5 55. Rg5+ Kd4 56. Rg4+ Be4 57. Kb3 Rb8+ 58. Ka4 Kd5 59. Ka5 Bd3 60. a4 Bc4 61. Rg5+ Kd4 62. Rg4+ Kc5 63. Rg5+ Bd5 64. Rxd5+ Kxd5 65. Ka6 Kc6 66. Ka7 Rb4 67. a5 Ra4 68. a6 Kb5 0-1

[Event "December 19 Late 2023"]
[Site "https://www.chess.com"]
[Date "2023.12.19"]
[Round "3"]
[White "Mikaelyan, Arman"]
[Black "Silvestre, Christian"]
[Result "1-0"]
[Board "38"]
[TimeControl "180+1"]
[WhiteFideId "13304852"]
[BlackFideId "30956269"]
[WhiteElo "2445"]
[BlackElo "2270"]
[WhiteTeam "ARM"]
[BlackTeam "USA"]
[WhiteClock "0:01:42"]
[BlackClock "0:00:12"]

1. d4 c5 2. d5 e6 3. Nc3 exd5 4. Nxd5 Nf6 5. Nf3 d6 6. Bg5 Be7 7. Nxe7 Qxe7 8. e3 h6 9. Bf4 d5 10. c4 Be6 11. cxd5 Nxd5 12. Bb5+ Nc6 13. Bxc6+ bxc6 14. Be5 O-O 15. O-O Bg4 16. Bg3 Qb7 17. Qb3 Qxb3 18. axb3 Bxf3 19. gxf3 Nb4 20. Bd6 Rfd8 21. Bxc5 Nd3 22. Bd4 c5 23. Bc3 Rd6 24. Rfd1 Rg6+ 25. Kf1 Nb4 26. Ra5 Rc8 27. Rxa7 Rb6 28. Rdd7 Nc6 29. Rab7 Rxb7 30. Rxb7 Rb8 31. Rc7 Rb6 32. Ke2 g6 33. Rc8+ 1-0

[Event "December 19 Late 2023"]
[Site "https://www.chess.com"]
[Date "2023.12.19"]
[Round "3"]
[White "Essing, Arnold"]
[Black "Rustemov, Alexander"]
[Result "0-1"]
[Board "39"]
[TimeControl "180+1"]
[WhiteFideId "4619862"]
[BlackFideId "4119002"]
[WhiteElo "2257"]
[BlackElo "2805"]
[WhiteTeam "GER"]
[BlackTeam "RUS"]
[WhiteClock "0:00:00"]
[BlackClock "0:00:42"]

1. d4 d5 2. Nf3 Nf6 3. c4 c6 4. Nc3 a6 5. c5 Bf5 6. Bf4 e6 7. h3 Nbd7 8. e3 Be7 9. Bd3 Bxd3 10. Qxd3 O-O 11. O-O Qc8 12. Ne5 Nxe5 13. Bxe5 Nd7 14. Bg3 Re8 15. e4 dxe4 16. Nxe4 Nf6 17. Nxf6+ Bxf6 18. Bd6 Rd8 19. f4 g6 20. g4 Qd7 21. f5 exf5 22. gxf5 Be7 23. fxg6 hxg6 24. Be5 Bxc5 25. Rad1 Bd6 26. Qf3 Bxe5 27. dxe5 Qe7 28. Rd6 Rxd6 29. exd6 Qe6 30. Rd1 Rd8 31. Qd3 Qxa2 32. d7 Qd5 33. Qe2 Qe6 34. Qd3 c5 35. b3 b5 36. Kg2 Kg7 37. Qc3+ Kh7 38. Qxc5 Rxd7 39. Rxd7 Qxd7 40. Qe3 Qd5+ 41. Kg3 a5 42. h4 a4 43. bxa4 bxa4 44. Qa7 Qb3+ 45. Kf4 a3 46. h5 Qc4+ 47. Kg5 Qd5+ 48. Kf6 Qe6+ 49. Kg5 Qf5+ 50. Kh4 Qxh5+ 51. Kg3 Qe5+ 52. Kg4 Qe6+ 53. Kg5 a2 54. Qa8 Qf5+ 0-1

[Event "December 19 Late 2023"]
[Site "https://www.chess.com"]
[Date "2023.12.19"]
[Round "3"]
[White "Paravyan, David"]
[Black "Chemin, Justo Reinaldo"]
[Result "1-0"]
[Board "40"]
[TimeControl "180+1"]
[WhiteFideId "4194985"]
[BlackFideId "2101580"]
[WhiteElo "2566"]
[BlackElo "1940"]
[WhiteTeam "FID"]
[BlackTeam "BRA"]
[WhiteClock "0:00:29"]
[BlackClock "0:00:00"]

1. e4 e6 2. d4 d5 3. Nc3 Bb4 4. e5 c5 5. a3 Bxc3+ 6. bxc3 Qc7 7. Nf3 Ne7 8. Bd3 Nbc6 9. a4 c4 10. Be2 f6 11. O-O fxe5 12. Nxe5 Nxe5 13. dxe5 O-O 14. Ba3 Rf7 15. Bd6 Qa5 16. Bb4 Qc7 17. Bh5 g6 18. Bd6 Qa5 19. Qg4 Bd7 20. Qg5 Nf5 21. Bb4 Qc7 22. Rae1 Bxa4 23. Bxg6 hxg6 24. Qxg6+ Ng7 25. Re3 Rf5 26. Rh3 Bxc2 27. Qh7+ Kf7 28. Bd6 Qd8 29. Rg3 Rg5 30. Qxc2 Nf5 31. Bc5 b6 32. Be3 Rh5 33. h3 Qh4 34. Rg4 Qe7 35. Qd2 Rg8 36. Ra1 Nxe3 37. Qxe3 Rxg4 38. hxg4 Rh7 39. f3 a5 40. Qxb6 Qh4 41. Qxa5 Qh1+ 42. Kf2 Qh4+ 43. Ke2 Qg3 44. Qc5 Qxe5+ 45. Qe3 Qxe3+ 46. Kxe3 Kf6 47. Kf4 Rb7 48. g5+ Kg6 49. Ra6 Kf7 50. Ke5 Rb3 51. Rxe6 Rxc3 52. Rf6+ Kg7 53. Kxd5 Rc2 54. g4 c3 55. Kc4 Rc1 56. f4 c2 57. Kc3 1-0

[Event "December 19 Late 2023"]
[Site "https://www.chess.com"]
[Date "2023.12.19"]
[Round "3"]
[White "Bortnyk, Olexandr"]
[Black "Antunez Soler, Luis"]
[Result "1-0"]
[Board "41"]
[TimeControl "180+1"]
[WhiteFideId "14120828"]
[BlackFideId "3513335"]
[WhiteElo "2731"]
[BlackElo "2154"]
[WhiteTeam "UKR"]
[BlackTeam "CUB"]
[WhiteClock "0:01:00"]
[BlackClock "0:00:31"]

1. e4 e6 2. d4 d5 3. e5 c5 4. Nf3 Nc6 5. Bd3 Qb6 6. O-O cxd4 7. Nbd2 f6 8. Re1 fxe5 9. Nxe5 Nxe5 10. Rxe5 Nf6 11. Nf3 Bd6 12. Re1 O-O 13. Ne5 Qc7 14. f4 Bd7 15. Qf3 Rae8 16. Qh3 Bb4 17. Re2 a6 18. Bd2 Bxd2 19. Rxd2 Bb5 20. Re1 Bxd3 21. cxd3 g6 22. g3 Qd6 23. Rde2 Nh5 24. Nf3 Ng7 25. Ng5 h6 26. Qxh6 1-0

[Event "December 19 Late 2023"]
[Site "https://www.chess.com"]
[Date "2023.12.19"]
[Round "3"]
[White "Grigoriants, Sergey"]
[Black "Rodriguez Fontecha, Marcos"]
[Result "1-0"]
[Board "42"]
[TimeControl "180+1"]
[WhiteFideId "4130804"]
[BlackFideId "2256576"]
[WhiteElo "2532"]
[BlackElo "2249"]
[WhiteTeam "HUN"]
[BlackTeam "ESP"]
[WhiteClock "0:00:08"]
[BlackClock "0:00:00"]

1. d4 d5 2. c4 Nc6 3. Nf3 e5 4. dxe5 Bb4+ 5. Bd2 dxc4 6. e3 Be6 7. Qa4 Bxd2+ 8. Nbxd2 a6 9. Nd4 b5 10. Nxc6 Qd7 11. Qc2 Qxc6 12. Be2 Ne7 13. O-O O-O 14. Nf3 Bf5 15. Qc3 Be4 16. Nd4 Qc5 17. b3 Nd5 18. Qa5 c3 19. Rac1 Bg6 20. Bf3 Rad8 21. Bxd5 Qxd5 22. Qxc3 Qxe5 23. Qxc7 Qg5 24. Rc5 Qf6 25. Rfc1 Be4 26. Qe5 Qg6 27. Qg3 Qb6 28. Rg5 Bg6 29. h4 h6 30. Rgc5 Qf6 31. Rc6 Qe7 32. Rxa6 Rc8 33. Rac6 Rxc6 34. Rxc6 b4 35. Qg4 Ra8 36. Rc8+ Rxc8 37. Qxc8+ Kh7 38. Qg4 Qe5 39. Qf4 Qc5 40. g4 Bd3 41. h5 Qc1+ 42. Kh2 Qf1 43. Nf5 Bxf5 44. Qxf5+ Kg8 45. Qf3 Qa1 46. Qa8+ Kh7 47. Qe4+ Kg8 48. Qxb4 Qxa2 49. Kg3 Qc2 50. Qb8+ Kh7 51. Qb7 1-0

[Event "December 19 Late 2023"]
[Site "https://www.chess.com"]
[Date "2023.12.19"]
[Round "3"]
[White "Chigaev, Maksim"]
[Black "Colas, Joshua"]
[Result "1-0"]
[Board "43"]
[TimeControl "180+1"]
[WhiteFideId "4108116"]
[BlackFideId "2044447"]
[WhiteElo "2561"]
[BlackElo "2347"]
[WhiteTeam "ESP"]
[BlackTeam "USA"]
[WhiteClock "0:00:47"]
[BlackClock "0:00:02"]

1. e4 d5 2. exd5 Qxd5 3. Nc3 Qd6 4. d4 c6 5. Nf3 Nf6 6. Ne5 Nbd7 7. Nc4 Qc7 8. Qf3 Nb6 9. Bf4 Qd8 10. Be5 Be6 11. Ne3 g6 12. O-O-O Bg7 13. h4 h5 14. Kb1 O-O 15. Bd3 Nbd5 16. Ncxd5 Nxd5 17. Bxg7 Kxg7 18. c4 Nxe3 19. Qxe3 Qa5 20. d5 cxd5 21. Qe5+ Kh6 22. Bxg6 fxg6 23. Qxe6 dxc4 24. Rd5 Qb6 25. Qxe7 Qxf2 26. g4 hxg4 27. h5 Qf3 28. Qg5+ Kg7 29. Qxg6+ Kh8 30. Qh6+ Kg8 31. Rg5+ Kf7 32. Qg7+ Ke6 33. Re5+ Kd6 34. Qe7+ Kc6 35. Qc5+ Kd7 36. Re7+ Kd8 37. Qc7# 1-0

[Event "December 19 Late 2023"]
[Site "https://www.chess.com"]
[Date "2023.12.19"]
[Round "3"]
[White "Mkrtchyan, Mikayel"]
[Black "Ibarra Jerez, Jose Carlos"]
[Result "0-1"]
[Board "44"]
[TimeControl "180+1"]
[WhiteFideId "13305743"]
[BlackFideId "2226332"]
[WhiteElo "2033"]
[BlackElo "2634"]
[WhiteTeam "ARM"]
[BlackTeam "ESP"]
[WhiteClock "0:01:56"]
[BlackClock "0:02:21"]

1. e4 c5 2. c3 Nf6 3. e5 Nd5 4. Nf3 Nc6 5. Bc4 Nb6 6. Bb3 g6 7. O-O Bg7 8. d4 cxd4 9. cxd4 O-O 10. Re1 d6 11. exd6 Qxd6 12. Nc3 Bg4 13. Nb5 Qb4 14. Nc7 Bxf3 15. Qxf3 Qxe1# 0-1

[Event "December 19 Late 2023"]
[Site "https://www.chess.com"]
[Date "2023.12.19"]
[Round "3"]
[White "Postlmayer, Jakob"]
[Black "Kamsky, Gata"]
[Result "1/2-1/2"]
[Board "45"]
[TimeControl "180+1"]
[WhiteFideId "1643622"]
[BlackFideId "2000024"]
[WhiteElo "2337"]
[BlackElo "2660"]
[WhiteTeam "AUT"]
[BlackTeam "USA"]
[WhiteClock "0:00:18"]
[BlackClock "0:00:08"]

1. c4 f5 2. Nc3 Nf6 3. d4 e6 4. Qc2 Bb4 5. Bd2 a5 6. g3 Nc6 7. Nf3 b6 8. Bg2 Bb7 9. O-O O-O 10. a3 Bxc3 11. Bxc3 a4 12. Nd2 Na5 13. f3 d5 14. cxd5 Nxd5 15. Qxa4 Ne3 16. Rf2 Nac4 17. Qb3 Bd5 18. Nxc4 Bxc4 19. Qb4 b5 20. Rc1 f4 21. Qc5 Rf5 22. Qc6 Bd5 23. Qxb5 Nxg2 24. Rxg2 Bxf3 25. Qc4 Bd5 26. Qd3 Bxg2 27. Kxg2 Qd5+ 28. Qf3 fxg3 29. Qxd5 Rxd5 30. hxg3 h5 31. Rh1 Kf7 32. Rh4 Kg6 33. e4 Rb5 34. Rf4 Rbb8 35. Rh4 Rf8 36. g4 hxg4 37. Rxg4+ Kf7 38. d5 exd5 39. Rxg7+ Ke6 40. exd5+ Kxd5 41. Rxc7 Rf5 42. Rd7+ Kc4 43. Rd4+ Kb3 44. Rg4 Raf8 45. Bd4 Rf4 46. Rxf4 Rxf4 47. Bc3 Rc4 48. Kf3 Rc7 49. Ke3 Rd7 50. Ke4 Rd8 51. Ke5 Rd7 52. Bd4 Rd8 53. Bc3 Rd7 54. Ke4 Rd8 55. Be5 Rd7 56. Bd4 Kc4 57. Bc3 Re7+ 58. Kf5 Re8 59. Kf6 Kb3 60. Kf7 Re4 61. Kf6 Re2 62. Kf5 Re8 63. Kf6 Re2 64. Kf5 Re8 65. Kf6 1/2-1/2

[Event "December 19 Late 2023"]
[Site "https://www.chess.com"]
[Date "2023.12.19"]
[Round "3"]
[White "Gokerkan, Cem Kaan"]
[Black "Ismagilov, Damir"]
[Result "1-0"]
[Board "46"]
[TimeControl "180+1"]
[WhiteFideId "6336760"]
[BlackFideId "34199982"]
[WhiteElo "2365"]
[BlackElo "2131"]
[WhiteTeam "TUR"]
[BlackTeam "RUS"]
[WhiteClock "0:00:04"]
[BlackClock "0:00:00"]

1. e4 g6 2. d4 Bg7 3. Nc3 d5 4. exd5 Nf6 5. Bc4 Nbd7 6. Nf3 Nb6 7. Bb3 Nbxd5 8. Nxd5 Nxd5 9. O-O O-O 10. Re1 c6 11. h3 Bf5 12. c3 Qd6 13. Bg5 Rfe8 14. Ne5 Rad8 15. Qf3 Be6 16. Bh4 b5 17. a4 a6 18. axb5 cxb5 19. Nd3 Nf4 20. Qxf4 Qxf4 21. Nxf4 Bxb3 22. Rxa6 f6 23. Nd3 Bc4 24. Nb4 Kf7 25. Bg3 Ra8 26. Rb6 Bf8 27. Rb7 Kg8 28. Nc6 e6 29. Na7 Bd5 30. Rc7 Bc4 31. h4 h5 32. Re3 Bh6 33. Rf3 Bg7 34. Bd6 Bd5 35. Rg3 Kh7 36. Bc5 Bc4 37. Be7 Kh6 38. Bd6 Red8 39. Bc5 Re8 40. Nc6 Ra1+ 41. Kh2 e5 42. dxe5 fxe5 43. Ne7 Bd3 44. Rxd3 e4 45. Rg3 Be5 46. Be3+ Kh7 47. Rd7 Bxg3+ 48. Kxg3 Rb1 49. b4 Rb3 50. Nd5+ Kh8 51. Bd4+ Kg8 52. Nf6+ Kf8 53. Nh7+ Kg8 54. Nf6+ Kf8 55. Bc5+ Re7 56. Rxe7 Rxc3+ 57. Kf4 Rxc5 58. bxc5 Kxe7 59. Nxe4 Ke6 60. Kg5 Kd5 61. Kf4 b4 62. Ke3 b3 63. Kd3 1-0

[Event "December 19 Late 2023"]
[Site "https://www.chess.com"]
[Date "2023.12.19"]
[Round "3"]
[White "FontVella8"]
[Black "Tifferet, Shakked"]
[Result "1-0"]
[Board "47"]
[TimeControl "180+1"]
[BlackFideId "2811529"]
[WhiteElo "2827"]
[BlackElo "2142"]
[BlackTeam "ISR"]
[WhiteClock "0:00:09"]
[BlackClock "0:00:02"]

1. Nf3 Nc6 2. d4 d5 3. Bf4 Bf5 4. e3 e6 5. Bd3 Bxd3 6. Qxd3 Bd6 7. Bg3 Nf6 8. Nbd2 O-O 9. O-O Re8 10. c4 dxc4 11. Nxc4 Bxg3 12. hxg3 e5 13. Qb3 exd4 14. Rfd1 b6 15. Rac1 Qe7 16. exd4 Qb4 17. Qc2 Rad8 18. a3 Qe7 19. Ne3 Na5 20. b4 Nb7 21. Qxc7 Rd7 22. Qf4 Nd5 23. Nxd5 Rxd5 24. Re1 Qd8 25. Rxe8+ Qxe8 26. Rc7 Nd6 27. Ne5 f6 28. Nf3 Qe2 29. Qg4 Rg5 30. Rc8+ Nxc8 31. Qxc8+ Kf7 32. Nxg5+ fxg5 33. Qf5+ Kg8 34. Qd5+ Kf8 35. Qf5+ Kg8 36. d5 Qe1+ 37. Kh2 Qd2 38. Qe6+ Kh8 39. Qe8# 1-0